 Dungeon Crawl Stone Soup version 0.29.0-4-gdea44cf6ec (webtiles) character file.

Game seed: 16900735898328325718

435 qw the Chopper (level 7, -2/40 HPs)
             Began as a Tengu Warper on Aug 28, 2022.
             Was an Initiate of Okawaru.
             Slain by a gnoll sergeant
             ... wielding a +2 trident of holy wrath
              (6 damage)
             ... on level 5 of the Dungeon.
             The game lasted 00:00:27 (4684 turns).

qw the Chopper (Tengu Warper)                       Turns: 4684, Time: 00:00:28

Health: -2/40      AC: 16    Str: 12 (14) XL:     7   Next: 0%
Magic:  11/11      EV:  4    Int: 12 (13) God:    Okawaru [......]
Gold:   304        SH:  0    Dex: 12 (13) Spells: 10/10 levels left

rFire   . . .      SeeInvis .   Y - +2 hand axe
rCold   . . .      Faith    .   (no shield)
rNeg    + . .      Spirit   .   k - +0 plate armour
rPois   .          Reflect  .   (helmet restricted)
rElec   .          Harm     .   b - +2 cloak
rCorr   .          Rampage  .   m - +0 pair of gloves
Will    .....                   (boots unavailable)
Stlth   ..........              (no amulet)
HPRegen 0.13/turn               d - ring of positive energy
MPRegen 0.12/turn               (no ring)

@: flying quickly and evasively, quick
A: beak, talons 3, nimble flight
a: Renounce Religion


You were on level 5 of the Dungeon.
You worshipped Okawaru.
Okawaru was noncommittal.
You visited 2 branches of the dungeon, and saw 6 of its levels.

You collected 304 gold pieces.


Innate Abilities, Weirdness & Mutations

You have a beak for a mouth.
You have claws for feet.
Your magical nature lets you fly swiftly and evasively.


   Skills:
 - Level 2.0 Fighting
 + Level 6.8 Axes
 - Level 1.0 Throwing
 - Level 4.0 Armour
 - Level 2.1 Dodging
 - Level 2.0 Spellcasting
 - Level 2.4 Translocations


You had 10 spell levels left.
You didn't know any spells.
Your spell library contained the following spells:

 Spells                   Type           Power      Damage    Failure   Level
 Blink                    Tloc           12%        N/A       100%        2
 Gell's Gravitas          Tloc           6%         N/A       100%        3
 Lesser Beckoning         Tloc           6%         N/A       100%        3
 Teleport Other           Tloc           6%         N/A       100%        3
 Manifold Assault         Tloc           6%         N/A       100%        5

Inventory:

Hand Weapons
 e - a +0 whip
 Y - a +2 hand axe (weapon)
Armour
 b - a +2 cloak (worn)
 k - a +0 plate armour (worn)
 m - a +0 pair of gloves (worn)
Jewellery
 d - a ring of positive energy (left hand)
Potions
 f - a potion of ambrosia {unknown}
 g - a potion of magic {unknown}
 h - a potion of curing {unknown}
 i - a potion of invisibility {unknown}
 j - a potion of heal wounds {unknown}
 o - a potion of haste {unknown}
 p - a potion of might
 q - a potion of flight {unknown}

Dungeon Overview and Level Annotations

Branches:
Dungeon (5/15)             Temple (1/1) D:4

Altars:
Ashenzari
Cheibriados
Dithmenos
Elyvilon
Fedhas
Gozag
Kikubaaqudgha
Makhleb
Nemelex Xobeh
Okawaru
Qazlal
Ru
Sif Muna
Trog
Uskayaw
Vehumet
Wu Jian
Xom
Zin
The Shining One


Message History

The iguana bites you!
You closely miss the iguana. You claw the iguana.
The iguana is lightly wounded.
The iguana bites you but does no damage.
A gnoll comes into view. It is wielding a +3 spear.
The gnoll sergeant hits you but does no damage.
You hit the iguana. Your kick misses the iguana.
You peck the iguana, but do no damage.
The iguana is heavily wounded.
The iguana barely misses you. The gnoll sergeant barely misses you.
You closely miss the iguana. You peck the iguana, but do no damage.
The iguana is heavily wounded.
The iguana bites you but does no damage.
The gnoll sergeant hits you but does no damage.
You hit the iguana. You peck the iguana.
The iguana is heavily wounded.
The iguana bites you.
The gnoll sergeant hits you from afar with a +2 trident of holy wrath.
You hit the iguana but do no damage. You peck the iguana, but do no damage.
The iguana is heavily wounded.
The gnoll sergeant barely misses you. The iguana bites you.
You hit the iguana but do no damage. Your kick misses the iguana.
You peck the iguana, but do no damage.
The iguana is heavily wounded.
The gnoll sergeant hits you but does no damage.
The iguana bites you but does no damage.
You hit the iguana but do no damage. Your kick misses the iguana.
You peck the iguana.
The iguana is severely wounded.
The iguana bites you but does no damage.
The gnoll sergeant hits you from afar with a +2 trident of holy wrath.
You hit the iguana. You peck the iguana.
The iguana is almost dead.
The gnoll sergeant hits you from afar with a +2 trident of holy wrath.
The iguana bites you.
You slash the iguana!
You kill the iguana!
Okawaru accepts your kill.
The gnoll sergeant hits you from afar with a +2 trident of holy wrath.
You die...

##...#.#.#.##)#
#.............#
#..##########.#
#...........#.#
#.########.##..
####.# ####.##..
#....# #....##.#
#.########.##.##..
#@#...........####
#)#.####...#..###
#g# #......#....#
(g# #.#....#..#.##
.###
##.....#...... #.
[...........### #
.############


You could see a gnoll sergeant and a gnoll.

Vanquished Creatures
  Menkaure (D:4)
  A necrophage (D:4)
  2 iguanas
  Natasha (twice) (D:3)
  An orc wizard (D:5)
  A gnoll (D:5)
  5 adders
  A worm (D:2)
  3 dart slugs
  4 orcs
  7 ball pythons
  9 endoplasms
  2 giant cockroaches
  13 goblins
  8 hobgoblins
  3 jackals (D:3)
  6 quokkas
  8 bats
  4 frilled lizards
  8 kobolds
  6 rats
95 creatures vanquished.

Vanquished Creatures (others)
  5 fungi (D:1)
  8 plants
13 creatures vanquished.

Grand Total: 108 creatures vanquished

Notes
Turn   | Place    | Note
-------+----------+-------------------------------------------
     0 | D:1      | qw the Tengu Warper began the quest for the Orb.
     0 | D:1      | Reached XP level 1. HP: 12/12 MP: 4/4
     0 | D:1      | 0 ||| qw: Version: 0.1-a-89-g26bdef1
     0 | D:1      | 0 ||| qw: Game counter: 1375
     0 | D:1      | 0 ||| qw: Always use a shield: true
     0 | D:1      | 0 ||| qw: God list: Okawaru
     0 | D:1      | 0 ||| qw: Allow faded altars: false
     0 | D:1      | 0 ||| qw: Do Orc after D:15 true
     0 | D:1      | 0 ||| qw: Do second Lair branch before Depths: true
     0 | D:1      | 0 ||| qw: Lair rune preference: random
     0 | D:1      | 0 ||| qw: Plans: Normal
     0 | D:1      | 0 ||| PLANNING D:1-11
   189 | D:1      | Reached XP level 2. HP: 15/17 MP: 6/6
   229 | D:1      | Reached skill level 3 in Axes
   231 | D:1      | 231 ||| Stepping ~*~*~tactically~*~*~ (stealth).
   233 | D:1      | 233 ||| Stepping ~*~*~tactically~*~*~ (stealth).
   234 | D:1      | 234 ||| Stepping ~*~*~tactically~*~*~ (stealth).
   237 | D:1      | 237 ||| Stepping ~*~*~tactically~*~*~ (stealth).
   239 | D:1      | 239 ||| Stepping ~*~*~tactically~*~*~ (stealth).
   240 | D:1      | 240 ||| Stepping ~*~*~tactically~*~*~ (stealth).
   241 | D:1      | 241 ||| Stepping ~*~*~tactically~*~*~ (stealth).
   243 | D:1      | 243 ||| Stepping ~*~*~tactically~*~*~ (stealth).
   244 | D:1      | 244 ||| Stepping ~*~*~tactically~*~*~ (stealth).
   245 | D:1      | 245 ||| Stepping ~*~*~tactically~*~*~ (stealth).
   246 | D:1      | 246 ||| Stepping ~*~*~tactically~*~*~ (stealth).
   263 | D:1      | 263 ||| Stepping ~*~*~tactically~*~*~ (stealth).
   416 | D:1      | 416 ||| Stepping ~*~*~tactically~*~*~ (stealth).
   608 | D:1      | Reached XP level 3. HP: 20/21 MP: 7/7
   741 | D:1      | Found a faded altar of an unknown god.
   937 | D:1      | Reached skill level 4 in Axes
  1050 | D:1      | 1050 ||| UPGRADING to +0 plate armour.
  1060 | D:1      | 1060 ||| DROPPING +0 leather armour.
  1061 | D:1      | 1061 ||| READING 2 scrolls labelled LUTRAHAIN.
  1065 | D:1      | 1065 ||| READING 3 scrolls labelled RECAGI PYNITU.
  1066 | D:1      | 1066 ||| DROPPING scroll of blinking.
  1067 | D:1      | 1067 ||| DROPPING 2 scrolls of magic mapping.
  1085 | D:2      | 1085 ||| STAIRDANCE
  1121 | D:2      | 1121 ||| STAIRDANCE
  1180 | D:2      | HP: 5/21 [poisoned by an adder]
  1189 | D:2      | 1189 ||| Stepping ~*~*~tactically~*~*~ (stealth).
  1407 | D:2      | 1407 ||| DROPPING +0 club.
  1485 | D:2      | 1485 ||| Stepping ~*~*~tactically~*~*~ (stealth).
  1586 | D:2      | Reached XP level 4. HP: 26/26 MP: 8/8
  1592 | D:2      | 1592 ||| Stepping ~*~*~tactically~*~*~ (stealth).
  1642 | D:2      | 1642 ||| Stepping ~*~*~tactically~*~*~ (stealth).
  1889 | D:2      | 1889 ||| Stepping ~*~*~tactically~*~*~ (stealth).
  1891 | D:2      | 1891 ||| Stepping ~*~*~tactically~*~*~ (hiding).
  2109 | D:2      | 2109 ||| UPGRADING to +2 cloak.
  2114 | D:2      | 2114 ||| UPGRADING to +0 pair of gloves.
  2119 | D:2      | 2119 ||| READING 2 scrolls labelled YMUAGR YXOTUDY.
  2220 | D:2      | 2220 ||| READING scroll labelled BYEDUANUORCH.
  2221 | D:2      | 2221 ||| READING scroll labelled FEATZA YWUD.
  2222 | D:2      | 2222 ||| READING scroll labelled WOXOUM DOLEZ.
  2223 | D:2      | 2223 ||| READING scroll labelled TEPEK IHIHOANU.
  2224 | D:2      | 2224 ||| DRINKING 2 clear potions.
  2252 | D:2      | 2252 ||| DROPPING scroll of silence.
  2253 | D:2      | 2253 ||| DROPPING potion of lignification.
  2474 | D:3      | Noticed Natasha
  2484 | D:3      | Killed Natasha
  2485 | D:3      | Reached skill level 5 in Axes
  2485 | D:3      | Gained mutation: Your magical nature lets you fly swiftly
                  | and evasively. [Tengu growth]
  2485 | D:3      | Reached XP level 5. HP: 17/30 MP: 9/9
  2698 | D:3      | Noticed Natasha
  2699 | D:3      | 2699 ||| Stepping ~*~*~tactically~*~*~ (stealth).
  2711 | D:3      | Killed Natasha
  2713 | D:3      | 2713 ||| FLEEEEING.
  2742 | D:3      | 2742 ||| Stepping ~*~*~tactically~*~*~ (stealth).
  2745 | D:3      | 2745 ||| Stepping ~*~*~tactically~*~*~ (stealth).
  2834 | D:3      | 2834 ||| UPGRADING to ring of positive energy.
  2835 | D:3      | 2835 ||| READING scroll labelled GUJEYBL QIFIRPH.
  2955 | D:3      | 2955 ||| READING scroll labelled YHUGOO QIRO.
  2956 | D:3      | 2956 ||| DRINKING 2 dark potions.
  2957 | D:3      | 2957 ||| DROPPING potion of degeneration.
  2984 | D:4      | Noticed Menkaure
  2994 | D:4      | Killed Menkaure
  2995 | D:4      | Reached XP level 6. HP: 17/35 MP: 10/10
  3137 | D:4      | 3137 ||| Stepping ~*~*~tactically~*~*~ (stealth).
  3171 | D:4      | 3171 ||| Stepping ~*~*~tactically~*~*~ (stealth).
  3342 | D:4      | Found a staircase to the Ecumenical Temple.
  3343 | D:4      | 3343 ||| PLANNING TEMPLE
  3349 | Temple   | Entered the Ecumenical Temple
  3375 | Temple   | Became a worshipper of Warmaster Okawaru
  3521 | Temple   | 3521 ||| PLANNING D:1-11
  3630 | D:4      | Reached skill level 6 in Axes
  4233 | D:4      | 4233 ||| READING 2 scrolls labelled PYEKKY FIYFI.
  4234 | D:4      | 4234 ||| READING scroll of enchant weapon.
  4234 | D:4      | 4234 ||| ENCHANTING +1 hand axe.
  4249 | D:5      | Entered Level 5 of the Dungeon
  4266 | D:5      | 4266 ||| Stepping ~*~*~tactically~*~*~ (hiding).
  4567 | D:5      | 4567 ||| READING scroll labelled ATYTREFRARPH.
  4568 | D:5      | 4568 ||| READING scroll labelled LIKLAG TIO.
  4569 | D:5      | 4569 ||| DRINKING 2 glowing purple potions.
  4570 | D:5      | 4570 ||| READING scroll of teleportation.
  4601 | D:5      | 4601 ||| DRINKING 2 white potions.
  4602 | D:5      | 4602 ||| DROPPING potion of brilliance.
  4667 | D:5      | 4667 ||| Stepping ~*~*~tactically~*~*~ (stealth).
  4673 | D:5      | Reached XP level 7. HP: 34/40 MP: 11/11
  4683 | D:5      | HP: 8/40 [gnoll sergeant/+2 trident of holy wrath (6)]
  4684 | D:5      | Slain by a gnoll sergeant

Levels and vault maps discovered:
D:1:      dpeg_arrival_stone_temple_mockup, layout_basic,
          shapermc_ecumenical_altar_mp_urbaneastern, st_stairs_10
D:2:      cheibrodos_old_hovel, layout_loops_cross, kennysheep_generic_room_4
D:3:      layout_rooms, uniq_natasha
D:4:      layout_loops_ring, minmay_temple_entry_glass, uniq_menkaure
D:5:      layout_basic, minivault_1, grunt_ministairs_2
Temple:   nicolae_temple_slightly_damp_pantheon

Skill      XL: |  1  2  3  4  5  6 |
---------------+-------------------+-----
Axes           | 3 4 5 6 |  6.8
Armour         | 2 4 |  4.0
Fighting       | |  2.0
Throwing       | |  1.0
Dodging        | |  2.1
Spellcasting   | |  2.0
Translocations | |  2.4

Action                   |  1- 3 |  4- 6 |  7- 9 || total
-------------------------+-------+-------+-------++-------
Melee: Hand axe          |    97 |   167 |    12 ||   276
       Kick              |    19 |    40 |     3 ||    62
       Peck              |    15 |    26 |     8 ||    49
       Punch             |     3 |       |       ||     3
Throw: Boomerang         |     7 |       |       ||     7
  Use: Scroll            |     2 |    12 |       ||    14
       Potion            |       |     4 |       ||     4
Armor: Leather armour    |    18 |       |       ||    18
       Plate armour      |    37 |    89 |     8 ||   134
Dodge: Dodged            |    30 |    34 |     3 ||    67

Table legend:
 A = Non-vault XP
 B = Vault XP
 C = Vault XP percentage of total XP
 D = Non-vault monster count
 E = Vault monster count
 F = Vault count percentage of total count
                 A         B        C        D         E       F
            +---------+---------+-------+---------+---------+-------
      Total |     402 |     259 |  39.2 |      87 |       8 |   8.4
            +---------+---------+-------+---------+---------+-------
        D:1 |      49 |       5 |   9.3 |      27 |       3 |  10.0
        D:2 |      49 |      15 |  23.4 |      20 |       2 |   9.1
        D:3 |      69 |      35 |  33.7 |      21 |       1 |   4.5
        D:4 |     163 |     165 |  50.3 |      13 |       1 |   7.1
        D:5 |      72 |      39 |  35.1 |       6 |       1 |  14.3
            +---------+---------+-------+---------+---------+-------
